 Dungeon Crawl Stone Soup version 0.22-a0-407-gb098539 (webtiles) character file.

70 dstrtnsr the Ruffian (level 4, -2/44 HPs)
             Began as a Troll Fighter on May 10, 2018.
             Slain by a jackal (3 damage)
             ... on level 3 of the Dungeon.
             The game lasted 00:01:11 (795 turns).

dstrtnsr the Ruffian (Troll Fighter)                 Turns: 795, Time: 00:01:11

Health: -2/44      AC:  5    Str: 25    XL:     4   Next: 3%
Magic:  3/3        EV:  6    Int:  4    God:
Gold:   42         SH:  7    Dex:  9    Spells: 3/3 levels left

rFire    . . .     SeeInvis .   (no weapon)
rCold    . . .     Gourm    +   b - +0 shield
rNeg     . . .     Faith    .   a - +0 robe
rPois    .         Spirit   .   (helmet restricted)
rElec    .         Reflect  .   (no cloak)
rCorr    .         Harm     .   (gloves unavailable)
MR       .....                  (boots unavailable)
Stlth    +.........             (no amulet)
HPRegen  0.54/turn              (no ring)
MPRegen  0.08/turn              (no ring)

@: lethally poisoned (-2 -> -7), extremely drained
A: large, unfitting armour, claws 3, fast metabolism 3, gourmand, regeneration
1, shaggy fur 1, tough skin 2
a: no special abilities


You were on level 3 of the Dungeon.
You were full.

You visited 1 branch of the dungeon, and saw 4 of its levels.

You collected 42 gold pieces.

Inventory:

Armour
 a - a +0 robe (worn)
 b - a +0 shield (worn)
Jewellery
 f - a cursed ring of teleportation {unknown}
Scrolls
 d - 2 scrolls of remove curse {@r2}
 g - a scroll of amnesia {unknown}
 h - a scroll of identify {unknown}
Potions
 c - 2 potions of might
 i - a potion of curing {unknown}
Comestibles
 e - 8 rations {!d}
 j - a chunk of flesh


   Skills:
 + Level 2.9(0.0) Fighting
 - Level 2.4(0.0) Dodging
 + Level 2.9(0.0) Shields
 * Level 3.3(0.0) Unarmed Combat


You had 3 spell levels left.
You didn't know any spells.

Dungeon Overview and Level Annotations

Branches:
Dungeon (4/15)
 Temple: D:4-7

Altars:

Annotations:
D:4 dstrtnsr's ghost, amateur TrFi


Innate Abilities, Weirdness & Mutations

You are too large for most types of armour.
You have claws for hands.
Your metabolism is lightning-fast.
You like to eat raw meat.
Your natural rate of healing is unusually fast.
You are covered in fur. (AC +1)
You have very tough skin. (AC +2)


Message History

The phantom blinks!
Dstrtnsr's ghost (amateur Troll Fighter) comes into view.
Dstrtnsr's ghost turns its malevolent gaze towards you.
You scratch the phantom.
The phantom is almost destroyed.
The phantom hits you.
The phantom blinks!
You block the phantom's attack.
You miss the phantom.
The phantom is almost destroyed.
Dstrtnsr's ghost hits you! The phantom hits you!
* * * LOW HITPOINT WARNING * * *
The phantom blinks!
An adder comes into view.
The adder hisses angrily.
Dstrtnsr's ghost whispers, "Meet the emptiness of death!"
The adder barely misses you. The adder bites you.
Found a stone staircase leading up.
The adder bites you but does no damage.
Dstrtnsr's ghost sneers, "Only the weak need weapons."
The adder bites you.
You are poisoned.
The adder poisons you!
You feel sick.
There is a stone staircase leading up here.
You block the adder's attack.
You climb upwards. 4 jackals come into view.
You feel sick.
The jackal barks! x3; You hear an angry hiss.
You hear a bark! x2
The jackal moves out of view.
The jackal barks!
Found 13 gold pieces.
There is a stone staircase leading down here.
Unknown command.
You miss the adder.
You hear a bark!
The adder bites you.
You are more poisoned.
The adder poisons you! The adder bites you.
You are more poisoned.
The adder poisons you!
You scratch the adder.
The adder is moderately wounded.
You feel sick. The adder bites you.
You are more poisoned.
The adder poisons you!
A quokka comes into view.
You are too injured to fight recklessly!
You are too injured to fight recklessly!
You are too injured to fight recklessly!
You are too injured to fight recklessly!
You are too injured to fight recklessly!
You feel sick. The adder bites you but does no damage.
The jackal bites you but does no damage. x2
You feel sick. The adder bites you but does no damage.
You are too injured to fight recklessly!
You are too injured to fight recklessly!
You are too injured to fight recklessly!
You are too injured to fight recklessly!
You are too injured to fight recklessly!
You are too injured to fight recklessly!
You closely miss the adder.
The adder is moderately wounded.
You feel sick. You block the adder's attack.
A jackal and a hound come into view.
You scratch the adder but do no damage.
The adder is moderately wounded.
You feel sick. The adder bites you.
* * * LOW HITPOINT WARNING * * *
You are more poisoned.
The adder poisons you!
You barely miss the adder.
The adder is moderately wounded.
You feel sick.
The jackal barks!
You hear a bark!
You hear an angry hiss.
You block the jackal's attack. The adder bites you but does no damage.
The jackal bites you but does no damage.
The adder bites you.
* * * LOW HITPOINT WARNING * * *
You are more poisoned.
The adder poisons you!
You barely miss the adder.
The adder is moderately wounded.
* * * LOW HITPOINT WARNING * * *
You feel sick.
The jackal bites you but does no damage.
The adder barely misses you.
You barely miss the adder.
The adder is moderately wounded.
* * * LOW HITPOINT WARNING * * *
You feel sick.
The jackal bites you but does no damage.
The adder bites you but does no damage. The jackal barely misses you.
You block the jackal's attack. The adder bites you but does no damage.
You barely miss the adder.
The adder is moderately wounded.
* * * LOW HITPOINT WARNING * * *
You feel sick. The jackal bites you.
You die...

....... .....##
..... ..$. #
#..#.# #..#.#.#
# #hh....#
###.#
##S#......
..... #@# ....r
.[...
#..h.hh......
.....
.....##.....###
##### ##.#
..#.### #...# #
.##.# #...# #.
.# #...# .. .#
###...# #. ..
..... #
.##.##.#.# #


You could see a hound, an adder and 4 jackals.

Vanquished Creatures
  An orc wizard (D:3)
  An adder (D:2)
  An ooze (D:3)
  A leopard gecko (D:4)
  4 orcs (D:3)
  2 giant cockroaches
  5 hobgoblins
  2 quokkas (D:2)
  2 bats
  3 frilled lizards
  3 goblins
  2 rats
27 creatures vanquished.

Notes
Turn   | Place    | Note
-------+----------+-------------------------------------------
     0 | D:1      | dstrtnsr the Troll Fighter began the quest for the Orb.
     0 | D:1      | Reached XP level 1. HP: 22/22 MP: 0/0
   102 | D:1      | Reached XP level 2. HP: 29/29 MP: 1/1
   373 | D:3      | Noticed a hippogriff
   421 | D:3      | Reached XP level 3. HP: 34/36 MP: 2/2
   516 | D:3      | HP: 14/36 [something (2)]
   526 | D:3      | HP: 14/36 [something (1)]
   530 | D:3      | Reached skill level 3 in Unarmed Combat
   538 | D:3      | HP: 14/36 [something (2)]
   544 | D:3      | HP: 13/36 [something/puff of flame (3)]
   616 | D:4      | Reached XP level 4. HP: 38/44 MP: 3/3
   707 | D:4      | Noticed a phantom
   748 | D:4      | Noticed dstrtnsr's ghost (amateur TrFi)
   752 | D:4      | HP: 12/44 [phantom (8)]
   786 | D:3      | HP: 16/44 [adder (4)]
   791 | D:3      | HP: 12/44 [poisoned by an adder]
   792 | D:3      | HP: 4/44 [adder (3)]
   795 | D:3      | HP: 1/44 [poisoned by an adder]
   795 | D:3      | Slain by a jackal

Vault maps used:
D:1:      matt_arrival_grand_opening, minivault_27
D:2:      ashenzari_altar_1, first_ration, nicolae_ru_path_of_blood,
          uniq_crazy_yiuf_cottage
D:3:      vehumet_crystals
D:4:      lemuel_temple_firewalk_b, kennysheep_cluttered_room

Skill      XL: |  1  2  3 |
---------------+----------+-----
Unarmed Combat | 3 |  3.3
Fighting       | |  2.9
Dodging        | |  2.4
Shields        | |  2.9

Action                   |  1- 3 |  4- 6 || total
-------------------------+-------+-------++-------
Melee: Unarmed           |   126 |    42 ||   168
  Use: Scroll            |       |     1 ||     1
  Eat: Chunk             |     8 |     1 ||     9
Armor: Robe              |    27 |    21 ||    48
Dodge: Dodged            |    22 |    12 ||    34
Block: Shield            |    42 |    10 ||    52

Table legend:
 A = Spawn XP
 B = Non-spawn XP
 C = Spawn XP percentage of total XP
 D = Spawn monster count
 E = Non-spawn monster count
 F = Spawn count percentage of total count
 G = Total turns spent on level
                    A         B        C        D         E        F      G
               +---------+---------+-------+---------+---------+-------+---------
         Total |       0 |     100 |   0.0 |       0 |      27 |   0.0 |   795
               +---------+---------+-------+---------+---------+-------+---------
           D:1 |       0 |      12 |   0.0 |       0 |       8 |   0.0 |   108
           D:2 |       0 |      25 |   0.0 |       0 |       8 |   0.0 |   299
           D:3 |       0 |      58 |   0.0 |       0 |       9 |   0.0 |   204
           D:4 |       0 |       5 |   0.0 |       0 |       2 |   0.0 |   184
               +---------+---------+-------+---------+---------+-------+---------
